 Dungeon Crawl Stone Soup version 0.26-a0-1138-gef23d1325b (webtiles) character file.

Game seed: 4728017733655672206

4 ANON1729 the Sneak (level 1, -3/17 HPs)
             Began as a Draconian Wanderer on Dec 21, 2020.
             Slain by an orc wizard
             ... wielding a +0 dagger
              (4 damage)
             ... on level 2 of the Dungeon.
             The game lasted 00:00:59 (896 turns).

ANON1729 the Sneak (Draconian Wanderer)              Turns: 896, Time: 00:00:59

Health: -3/17      AC:  4    Str: 13    XL:     1   Next: 50%
Magic:  1/1        EV: 11    Int: 11    God:
Gold:   17         SH:  0    Dex: 12    Spells: 0/0 levels left

rFire    . . .     SeeInvis .   a - +2 falchion
rCold    . . .     Faith    .   (no shield)
rNeg     . . .     Spirit   .   (armour unavailable)
rPois    .         Reflect  .   (helmet restricted)
rElec    .         Harm     .   (no cloak)
rCorr    .         Rampage  .   (no gloves)
Will     .....                  (no boots)
Stlth    ++........             (no amulet)
HPRegen  0.05/turn              (no ring)
MPRegen  0.07/turn              (no ring)

@: no status effects
A: unfitting armour, cold-blooded, AC +4
a: no special abilities


You were on level 2 of the Dungeon.
You visited 1 branch of the dungeon, and saw 2 of its levels.

You collected 17 gold pieces.

Inventory:

Hand Weapons
 a - a +2 falchion (weapon)
 c - a +0 dagger
Scrolls
 b - 2 scrolls of teleportation
 e - a scroll of magic mapping {unknown}
 f - a scroll of identify {unknown}
 i - a scroll of remove curse {unknown}
Potions
 d - a potion of resistance {unknown}
 g - 2 potions of curing {unknown}
 h - a potion of flight {unknown}


   Skills:
 - Level 2.2 Fighting
 + Level 2.3(2.7) Short Blades
 - Level 2.0(2.5) Long Blades
 - Level 1.0 Throwing
 - Level 2.7 Stealth


You couldn't memorise any spells.
You didn't know any spells.
Your spell library was empty.

Dungeon Overview and Level Annotations

Branches:
Dungeon (2/15)

Altars:


Innate Abilities, Weirdness & Mutations

Your plain brown scales are hard. (AC +4)
You cannot fit into any form of body armour.
You are cold-blooded and may be slowed by cold attacks.


Message History

The orc wizard hits you but does no damage.
You hit the orc wizard.
Your tail-slap misses the orc wizard.
The orc wizard is moderately wounded.
The orc wizard hits you with a +0 dagger.
You closely miss the orc wizard.
Your tail-slap misses the orc wizard.
The orc wizard is moderately wounded.
The orc wizard gestures at you while chanting.
The magic dart hits you.
You slash the orc wizard!
Your tail-slap misses the orc wizard.
The orc wizard is almost dead.
The orc wizard hits you with a +0 dagger.
You are too injured to fight recklessly!
You are too injured to fight recklessly!
You closely miss the orc wizard.
The orc wizard is almost dead.
The orc wizard casts a spell at you. The puff of frost hits you!
* * * LOW HITPOINT WARNING * * *
The orc wizard hits you with a +0 dagger.
You die...

#o#########..#
###.o.........#
>.......o......###
......########.#
...... #.#
...###########.#
##.#......o..#o# #
#o#######.#.#
#@#<...##.#.#
#.####.##.#(#
#..)....#.#.#
#########.#.#
.........#.#
.........o.#
############


You could see an orc wizard.

Vanquished Creatures
  A giant cockroach (D:1)
  A hobgoblin (D:2)
  A ball python (D:1)
  A bat (D:1)
4 creatures vanquished.

Notes
Turn   | Place    | Note
-------+----------+-------------------------------------------
     0 | D:1      | ANON1729 the Draconian Wanderer began the quest for the
                  | Orb.
     0 | D:1      | ANON1729 set off with the following items: a +2 falchion, 2
                  | scrolls of teleportation, a +0 dagger
     0 | D:1      | Reached XP level 1. HP: 17/17 MP: 1/1
   698 | D:2      | Noticed an orc priest
   698 | D:2      | Noticed an orc wizard
   896 | D:2      | Slain by an orc wizard

Illustrated notes

Levels and vault maps discovered:
D:1:      dpeg_arrival_castle, layout_basic
D:2:      cheibrodos_pilgrimage, layout_basic, nicolae_overflow_crystal_walls,
          nicolae_qazlal_general_emergency, serial_bayou_pond_a

Action                   || total
-------------------------++-------
Melee: Falchion          ||    13
 Stab: Sleeping          ||     1
Armor: Skin              ||     2
Dodge: Dodged            ||     7
       Rpst.: Falchion   ||     1

Table legend: (Time is in decaauts)
 A = Elapsed time spent in this place.
 B = Non-inter-level travel time spent in this place.
 C = Inter-level travel time spent in this place.
 D = Time resting spent in this place.
 E = Time spent auto-exploring this place.
 F = Levels seen in this place.
 G = Mean time per level.
                   A        B        C        D        E       F      G
               +--------+--------+--------+--------+--------+-----+--------+
         Total |    905 |    850 |     55 |    130 |    624 |   2 |  452.5 |
       Dungeon |    905 |    850 |     55 |    130 |    624 |   2 |  452.5 |
               +--------+--------+--------+--------+--------+-----+--------+

Top non-repeatable levels by time:
     D:1: 795 daAuts
     D:2: 109 daAuts
